Map: Temple gelé

Players

psbob - Winner!

  • Race: Zerg Zerg
  • Spawn Location: 5:00

zidar

  • Race: Zerg Zerg
  • League: Platinum
  • Spawn Location: 11:00

VOD

Have the link to the VOD?

Description

Time

  • Played on: Oct. 8, 2016, 2:16 p.m.
  • Length: 12:42
Show
View Real Time Build Order
Export as new Build Order

psbob Zerg - Winner!

Build Orders: Pool First 

Get SALT Encoding   

  12  0:01  Drone  
  13  0:13  Overlord  
  13  0:19  Drone  
  14  0:32  Drone  
  14  0:33  Drone  
  16  0:42  Spawning Pool  
  15  0:46  Extractor  
  15  0:47  Drone  
  15  1:13  Hatchery  
  15  1:14  Drone  
  15  1:21  Drone x2  
  17  1:26  Drone  
  18  1:38  Queen  
  20  1:45  Drone  
  21  1:50  Overlord  
  21  1:58  Drone  
  22  2:09  Drone  
  22  2:14  Metabolic Boost  
  23  2:19  Drone  
  24  2:27  Drone  
  24  2:28  Queen  
  27  2:30  Overlord  
  27  2:37  Drone  
  27  2:39  Queen  
  31  2:51  Drone x3  
  31  2:52  Drone x2  
  35  3:15  Evolution Chamber  
  35  3:18  Evolution Chamber  
  33  3:22  Drone x2  
  33  3:23  Drone x4  
  33  3:24  Spine Crawler  
  38  3:34  Drone x2  
  38  3:38  Lair  
  40  3:47  Extractor  
  40  3:48  Extractor  
  38  3:51  Drone x4  
  38  3:52  Roach Warren  
  38  3:54  Spore Crawler  
  40  3:57  Spore Crawler  
  40  3:58  Drone  
  38  4:10  Zergling x2  
  38  4:11  Zergling x10  
  35  4:35  Roach x2  
  35  4:36  Roach x3  
  42  4:46  Zerg Missile Weapons Level 1  
  42  4:50  Roach  
  42  5:04  Zerg Ground Armor Level 1  
  43  5:07  Drone x2  
  43  5:10  Overlord x2  
  44  5:37  Queen x2  
  44  5:41  Drone x2  
  50  5:42  Extractor  
  50  5:44  Drone  
  50  5:45  Drone  
  50  5:48  Drone  
  50  5:49  Drone x2  
  54  5:52  Drone x2  
  54  5:53  Drone x2  
  54  5:56  Glial Reconstitution  
  58  6:10  Drone  
  59  6:32  Drone, Infestation Pit  
  59  6:33  Drone  
  59  6:34  Overlord x2  
  60  6:50  Zerg Missile Weapons Level 2  
  60  7:02  Hatchery  
  60  7:05  Overlord  
  60  7:06  Overlord x2  
  60  7:08  Roach x8  
  75  7:12  Hive  
  75  7:16  Zerg Ground Armor Level 2  
  75  7:24  Roach x4  
  83  7:37  Roach  
  83  7:38  Roach x5  
  95  7:50  Pathogen Glands  
  95  7:51  Overlord  
  95  7:53  Overseer  
  95  7:58  Overlord x2  
  95  8:02  Drone x2  
  97  8:25  Infestor  
  97  8:26  Infestor  
  101  8:33  Infestor  
  103  8:39  Zergling x2  
  103  8:40  Zergling x14  
  102  9:31  Infestor  
  102  9:32  Infestor x3  
  102  9:35  Zergling x8  
  102  9:36  Zergling x18  
  47  11:32  Hydralisk Den  
  31  11:45  Spore Crawler  
  22  11:47  Spore Crawler  
  22  11:48  Spore Crawler  
  20  12:03  Hydralisk x11  
  20  12:04  Hydralisk x8  
Show
View Real Time Build Order
Export as new Build Order

zidar Zerg 

Build Orders: Pool First 

Get SALT Encoding   

  12  0:01  Drone  
  13  0:12  Overlord  
  13  0:17  Drone  
  14  0:30  Drone x2  
  16  0:42  Spawning Pool  
  15  0:45  Drone  
  15  0:49  Extractor  
  15  0:51  Drone  
  16  1:17  Overlord  
  16  1:19  Drone x2  
  18  1:29  Queen  
  20  1:35  Roach Warren, Drone  
  20  1:43  Drone  
  21  1:52  Drone  
  22  2:01  Overlord  
  22  2:17  Roach  
  24  2:31  Roach  
  26  2:37  Roach  
  26  2:43  Roach x3  
  34  2:58  Roach  
  36  3:15  Overlord x3  
  36  3:16  Overlord  
  36  3:40  Roach x3  
  42  3:46  Metabolic Boost  
  42  3:47  Extractor  
  41  3:59  Hatchery  
  36  4:26  Roach  
  36  4:27  Roach x2  
  28  5:15  Lair  
  28  5:21  Queen  
  26  5:25  Roach  
  26  5:26  Roach x5  
  26  5:27  Hatchery  
  39  6:07  Spore Crawler  
  39  6:09  Spore Crawler  
  37  6:12  Drone  
  37  6:13  Drone x7  
  45  6:25  Spire  
  44  6:30  Extractor  
  43  6:33  Extractor, Drone x5  
  43  6:34  Drone x2  
  49  6:44  Queen  
  51  6:50  Drone  
  52  7:08  Drone x6  
  58  7:36  Mutalisk x4  
  66  7:38  Mutalisk  
  68  7:48  Mutalisk  
  68  7:49  Mutalisk  
  72  7:51  Mutalisk  
  74  8:03  Overlord x2  
  74  8:23  Mutalisk x3  
  64  9:02  Mutalisk  
  62  9:03  Mutalisk x3  
  68  9:31  Mutalisk  
  68  9:32  Mutalisk x3  
  68  9:50  Mutalisk  
  40  10:47  Mutalisk  
  40  10:48  Mutalisk  
Tags
 
League
Platinum
Matchup
ZvZ
Race
Zerg
Spawn Locations
Cross Positions
Add a new tag
Caveats
  • Supply blocks, unpowered buildings, or Contaminate may cause inaccurate times.
  • Supply counts are checked every 10 seconds.